 Dungeon Crawl Stone Soup version 0.20-a0-893-g832831a (webtiles) character file.

299 nikopol the Skirmisher (level 6, 0/76 HPs)
             Began as a Barachi Berserker on Mar 17, 2017.
             Was a Priest of Trog.
             Killed from afar by an orc wizard (4 damage)
             ... with a magic dart
             ... on level 3 of the Dungeon.
             The game lasted 00:06:47 (3321 turns).

nikopol the Skirmisher (Barachi Berserker)          Turns: 3321, Time: 00:06:48

Health: 0/76       AC:  7    Str: 25    XL:     6   Next: 36%
Magic:  6/6        EV: 13    Int:  7    God:    Trog [***...]
Gold:   103        SH:  0    Dex: 12    Spells: 5/5 levels left

rFire    . . .     SeeInvis .   a - +0 hand axe
rCold    . . .     Gourm    .   k - +0 ring mail
rNeg     . . .     Faith    .   (no shield)
rPois    .         Spirit   .   (no helmet)
rElec    .         Reflect  .   (no cloak)
rCorr    .         Harm     .   (no gloves)
MR       .....                  u - +0 pair of boots (curse)
Stlth    ..........             (no amulet)
Regen    0.3/turn               (no ring)
MPRegen  0.1/turn               (no ring)

@: berserking, slowed, slow
A: +LOS, swims, slowness 1, strong legs 1
a: Hop, Berserk, Trog's Hand, Burn Spellbooks, Renounce Religion


You were on level 3 of the Dungeon.
You worshipped Trog.
Trog was most pleased with you.
You were hungry.

You visited 1 branch of the dungeon, and saw 3 of its levels.

You collected 103 gold pieces.

Inventory:

Hand Weapons
 a - a +0 hand axe (weapon)
 p - a +0 war axe
Armour
 b - a +0 animal skin
 i - a +0 leather armour
 k - a +0 ring mail (worn)
 u - a cursed +0 pair of boots (worn)
Jewellery
 s - an uncursed ring of positive energy {unknown}
Wands
 l - a wand of iceblast (7/15)
Scrolls
 d - 3 scrolls of teleportation {unknown}
 f - a scroll of noise {unknown}
 g - 5 scrolls of identify {unknown}
 q - a scroll of fog {unknown}
 r - a scroll of amnesia {unknown}
 v - a scroll of fear {unknown}
 x - a scroll of remove curse {unknown}
Potions
 e - 2 potions of degeneration {unknown}
 h - a potion of mutation {unknown}
 j - 3 potions of curing {unknown}
 m - a potion of haste {unknown}
 n - a potion of flight {unknown}
 t - a potion of heal wounds {unknown}
Comestibles
 c - 3 bread rations
 o - a royal jelly
 w - 3 chunks of flesh


   Skills:
 + Level 5.0 Fighting
 + Level 4.5 Axes
 + Level 4.4 Armour
 + Level 4.3 Dodging


You had 5 spell levels left.
You didn't know any spells.

Dungeon Overview and Level Annotations

Branches:
Dungeon (3/15)

Altars:
Ashenzari
Fedhas
The Shining One

Annotations:
D:3 Grinder


Innate Abilities, Weirdness & Mutations

Shadows flee at your approach. (+LOS)
You can swim through water.
You cover ground slowly.
You can hop short distances.


Message History

You hit the orc but do no damage. You completely miss the jackal.
You hear a bark!
The jackal misses you. The orc wizard hits you with a dagger.
* * * LOW HITPOINT WARNING * * *
The orc hits you with a flail.
* * * LOW HITPOINT WARNING * * *
The orc wizard gestures at you while chanting.
The magic dart hits you!
* * * LOW HITPOINT WARNING * * *
A red film seems to cover your vision as you go berserk!
You feel yourself moving faster!
You feel mighty!
You are feeling hungry.
The orc wizard gestures at you while chanting.
The magic dart hits you!
* * * LOW HITPOINT WARNING * * *
The jackal bites you but does no damage.
The orc barely misses you. The orc wizard casts a spell at you.
The magic dart hits you!
You die...

#.# #.# ## #.# .. #.#
# #. #.# ♣§ #. #.# ...
#.###.######
.≈.###.o).(((().#
≈....#h@##.)###.#
#..ho##..# #)####....
###......# #.........
##.##..########.###
#.##...........#
..#####.###.########.#
#...........# #.#
####.######.# #.# #
#.# #.#


You could see an orc wizard, an orc and 2 jackals.

Vanquished Creatures
  An ogre (D:3)
  An orc priest (D:3)
  An orc wizard (D:3)
  A worker ant (D:3)
  4 adders
  An ooze (D:2)
  A worm (D:2)
  2 dart slugs
  2 leopard geckos
  9 orcs (D:3)
  A ball python (D:1)
  4 giant cockroaches
  5 goblins
  13 hobgoblins
  8 kobolds
  3 quokkas (D:3)
  8 bats
  8 frilled lizards
  7 rats
80 creatures vanquished.

Notes
Turn   | Place    | Note
-------+----------+-------------------------------------------
     0 | D:1      | nikopol the Barachi Berserker began the quest for the Orb.
     0 | D:1      | Reached XP level 1. HP: 18/18 MP: 1/1
    54 | D:1      | Reached XP level 2. HP: 22/25 MP: 2/2
   655 | D:1      | Reached XP level 3. HP: 27/30 MP: 3/3
   695 | D:1      | Reached ** piety under Trog
   903 | D:2      | Reached skill level 4 in Fighting
  1125 | D:2      | You fall through a shaft!
  1294 | D:3      | Found a faded altar of an unknown god.
  1318 | D:3      | Reached XP level 4. HP: 12/37 MP: 4/4
  1587 | D:3      | Noticed an ogre
  1595 | D:3      | Killed an ogre
  1595 | D:3      | Reached XP level 5. HP: 34/43 MP: 5/5
  1944 | D:3      | Noticed Grinder
  1946 | D:3      | Paralysed by Grinder for 3 turns
  2433 | D:2      | Reached XP level 6. HP: 39/50 MP: 6/6
  2667 | D:2      | Found a blossoming altar of Fedhas.
  3041 | D:2      | Reached *** piety under Trog
  3175 | D:3      | Found a glowing golden altar of the Shining One.
  3175 | D:3      | Found a shattered altar of Ashenzari.
  3289 | D:3      | Reached skill level 5 in Fighting
  3321 | D:3      | Killed from afar by an orc wizard

Vault maps used:
D:1:      minmay_arrival_stone_box, minmay_statues_item
D:2:      lemuel_doored_altar
D:3:      xom_redecorated, gammafunk_temple_overflow_wave, first_bread,
          chequers_ecumenical_altar_simple, minmay_strange_pillars,
          uniq_grinder, uniq_sigmund

Skill      XL: |  1  2  3  4  5  6 |
---------------+-------------------+-----
Dodging        | 3 4 |  4.3
Fighting       | 4 5 |  5.0
Armour         | 3 4 |  4.4
Axes           | 4 |  4.5

Action                   |  1- 3 |  4- 6 || total
-------------------------+-------+-------++-------
Melee: Hand axe          |   102 |   194 ||   296
Invok: Berserk           |     1 |     2 ||     3
 Abil: Hop               |     1 |       ||     1
 Stab: Sleeping          |     2 |       ||     2
  Eat: Chunk             |     2 |     9 ||    11
Armor: Animal skin       |     9 |       ||     9
       Ring mail         |    28 |    61 ||    89
Dodge: Dodged            |    90 |   124 ||   214
